 Dungeon Crawl Stone Soup version 0.32-a0-928-g1cae6b7ea0 (webtiles) character file.

Game seed: 15536984907622921480

11916 runemasterragnar the Grappler (level 11, -15/80 HPs)
             Began as an Octopode Shapeshifter on Apr 12, 2024.
             Was an Initiate of Gozag.
             Demolished by a two-headed ogre
             ... wielding a +0 giant club
              (17 damage)
             ... on level 10 of the Dungeon.
             The game lasted 00:17:49 (13649 turns).

runemasterragnar the Grappler (OpSh)               Turns: 13649, Time: 00:17:49

Health: -15/80     AC:  1    Str: 17    XL:     11   Next: 85%
Magic:  11/11      EV: 15    Int: 12    God:    Gozag
Gold:   418        SH:  0    Dex: 13    Spells: 10/10 levels left

rFire   . .          .
                       - Unarmed
rCold   . . .        (no shield)
rNeg    . . .        (helmet currently unavailable)
rPois   .            (no amulet)
rElec   .            (no ring)
rCorr   .            (no ring)
SInv    .            (no ring)
Will    .....        (no ring)
Stlth   +++++        (no ring)
HPRegen 0.33/turn    (no ring)
MPRegen 0.12/turn    (no ring)
                     (no ring)

%: no passive effects
@: beast-form, gold aura
A: beast (slay +3), almost no armour, amphibious, 8 rings, camouflage 1,
gelatinous body 1, (nimble swimmer 1), tentacles
a: Begin Untransformation, Renounce Religion, Potion Petition, Call Merchant,
Bribe Branch


You were on level 10 of the Dungeon.
You worshipped Gozag.
Gozag was aware of your devotion.
You were a hulking beast.
You visited 2 branches of the dungeon, and saw 11 of its levels.

You collected 1397 gold pieces.
You spent 556 gold pieces at shops.
You paid 423 gold pieces to Gozag.

Inventory:

Hand Weapons
 g - a +2 heavy long sword
 o - a +4 spectral club
Armour
 a - a +2 hat
Jewellery
 F - a ring of wizardry
Talismans
 b - a beast talisman (active)
 c - a flux talisman
Wands
 x - a wand of roots (7)
 y - a wand of mindburst (14)
 C - a wand of flame (8)
Scrolls
 f - 2 scrolls of enchant weapon {unknown}
 h - a scroll of noise
 j - 2 scrolls of vulnerability
 k - 6 scrolls of teleportation
 m - 3 scrolls of poison
 p - a scroll of identify
 q - a scroll of enchant armour {unknown}
 s - 2 scrolls of amnesia
 A - a scroll of butterflies
 B - a scroll of fog
 D - a scroll of revelation
Potions
 d - a potion of mutation
 e - a potion of cancellation {unknown}
 i - 3 potions of brilliance
 l - 3 potions of haste {unknown}
 n - 2 potions of enlightenment {unknown}
 r - 2 potions of heal wounds
 t - a potion of degeneration {unknown}
 v - 2 potions of curing {unknown}
 z - a potion of magic {unknown}


   Skills:
 * Level 9.6 Fighting
 + Level 7.2 Dodging
 + Level 9.7 Stealth
 * Level 10.1 Unarmed Combat
 + Level 5.5 Evocations
 + Level 6.7 Shapeshifting


You had 10 spell levels left.
You didn't know any spells.
Your spell library contained the following spells:

 Spells                   Type           Power      Damage    Failure   Level
 Necrotise                Necr           0%         1d4       32%         1
 Sublimation of Blood     Necr           0%         N/A       45%         2
 Dazzling Flash           Conj/Hex       0%         N/A       69%         3
 Frozen Ramparts          Ice            0%         1d1       69%         3
 Maxwell's Portable Pile  Tloc           0%         2d(5-13)  69%         3
 Mephitic Cloud           Conj/Alch/Air  0%         N/A       69%         3
 Ozocubu's Armour         Ice            0%         N/A       69%         3
 Vampiric Draining        Necr           0%         2d6       69%         3
 Martyr's Knell           Necr/Summ      0%         N/A       97%         4
 Petrify                  Alch/Erth      0%         N/A       97%         4
 Arcjolt                  Conj/Air       0%         1d10      100%        5
 Curse of Agony           Necr           0%         N/A       100%        5
 Irradiate                Conj/Alch      0%         3d11      100%        5
 Metabolic Englaciation   Hex/Ice        0%         N/A       100%        5
 Silence                  Hex/Air        0%         N/A       100%        5
 Summon Forest            Summ/Tloc      0%         N/A       100%        5
 Eringya's Noxious Bog    Alch           0%         4d6       100%        6
 Summon Hydra             Summ           0%         N/A       100%        7
 Maxwell's Capacitive Co  Air            0%         ∞         100%        8


Dungeon Overview and Level Annotations

Branches:
Dungeon (10/15)            Temple (1/1) D:7            Lair (0/5) D:9
    Orc: D:9-12

Altars:
Ashenzari
Cheibriados
Dithmenos
Elyvilon
Fedhas
Gozag
Hepliaklqana
Kikubaaqudgha
Makhleb
Nemelex Xobeh
Okawaru
Qazlal
Ru
Sif Muna
Trog
Uskayaw
Vehumet
Wu Jian
Xom
Zin
The Shining One

Shops:
D:1 ?   D:3 *

Annotations:
D:7 2 runed translucent doors, HanshermHop's ghost, novice KoEn
D:9 2 transporters, TheSexyCheese's ghost, journeyman OpFE
Temple 2 transporters


Innate Abilities, Weirdness & Mutations

You are a hulking beast.
Your limbs bulge with bestial killing power. (Slay +3)
You cannot wear most types of armour.
You are amphibious.
You can wear up to eight rings at the same time.
Your skin changes colour to match your surroundings (Stealth+).
Your rubbery body absorbs attacks. (AC +1, EV +1)
((You are camouflaged when in or above water. (Stealth+)))
You have tentacles for arms and can constrict up to eight enemies at once.


Message History

The two-headed ogre is moderately wounded.
The two-headed ogre is blinded.
The now-empty wand crumbles to dust.
The yak closely misses you.
Unknown command.
You bludgeon the yak!
You kill the yak!
Aiming: Fastroot
Press: ? - help, Shift-Dir - straight line, f/p - two-headed ogre
Aim: a two-headed ogre, wielding two +0 giant clubs (moderately wounded, blind, unable to see you)
The roots erupt in riotous growth!
Roots grab the yak. x3
The grasping roots constrict the yak. x2; The grasping roots constrict the yak!
The yak struggles to escape constriction. x3
Unknown command.
Unknown command.
The grasping roots constrict the yak! x2
You kill the yak!
The grasping roots constrict the yak!
The yak struggles to escape constriction.
The yak is distracted by your dazzling golden aura.
You see here 30 gold pieces.
Unknown command.
The grasping roots constrict the yak!
You kill the yak!
The grasping roots constrict the yak!
The two-headed ogre misses you.
The two-headed ogre hits you with a +0 giant club!!
* * * LOW HITPOINT WARNING * * *
The yak barely misses you.
You see here 20 gold pieces.
Unknown command.
You catch the helpless two-headed ogre completely off-guard!
You tentacle-slap the two-headed ogre.
The two-headed ogre is heavily wounded.
The grasping roots constrict the yak.
You kill the yak!
The two-headed ogre hits you with a +0 giant club!!
* * * LOW HITPOINT WARNING * * *
The two-headed ogre hits you with a +0 giant club!
You die...
Your body crumbles into a pile of gold.

#...# .... #.. ... #..
... #..## #.# ...# # #^#
#..#=# ##'## #..#.#
#...## #O$$.# .....##
### #h# ......##
##.###$#
.......####...##.#######
.......'................
......>####...##.#######
......## ##.###.#
.....## ### ..# #...##
.## ##'## #.


You could see a two-headed ogre (blind, unable to see you).

Vanquished Creatures
  Gastronok (D:8)
  2 two-headed ogres (D:9)
  Erica (D:9)
  Amaemon (D:8)
  Jeremiah (D:8)
  An orange demon (D:8)
  Psyche (D:8)
  3 red devils (D:8)
  A troll (D:9)
  Eustachio (D:4)
  2 wyverns (D:8)
  10 yaks
  Grum (D:9)
  2 steam dragons (D:8)
  Edmund (D:5)
  Menkaure (D:6)
  5 water moccasins
  5 orc warriors
  A sky beast (D:8)
  3 ice beasts
  4 black bears (D:9)
  2 ogres
  2 wolves (D:9)
  2 centaurs
  2 phantoms
  5 bullfrogs
  2 wyvern zombies (D:6)
  A scorpion (D:8)
  A gnoll sergeant (D:7)
  A water moccasin skeleton (D:6)
  6 killer bees (D:8)
  A howler monkey (D:7)
  2 bullfrog zombies (D:6)
  A bombardier beetle (D:5)
  2 hounds (D:5)
  3 jellies
  A bullfrog skeleton (D:6)
  5 orc priests
  Jessica (D:2)
  An iguana (D:5)
  Natasha (thrice) (D:2)
  12 orc wizards
  A killer bee zombie (D:6)
  16 gnolls
  8 adders
  2 shadow imps
  A white imp (D:7)
  2 ufetubi (D:6)
  A dart slug (D:4)
  26 orcs
  3 endoplasms
  3 giant cockroaches
  8 goblins
  11 hobgoblins
  A quokka (D:4)
  4 ball pythons
  6 bats
  5 frilled lizards
  5 kobolds
  5 rats
212 creatures vanquished.

Vanquished Creatures (collateral kills)
  A yak (D:9)
1 creature vanquished.

Grand Total: 213 creatures vanquished

Notes
Turn   | Place    | Note
-------+----------+-------------------------------------------
     0 | D:1      | runemasterragnar the Octopode Shapeshifter began the quest
                  | for the Orb.
     0 | D:1      | Reached XP level 1. HP: 13/13 MP: 1/1
    78 | D:1      | Reached XP level 2. HP: 4/18 MP: 2/2
   374 | D:1      | Found Vafaghaa's Magic Scroll Shop.
   377 | D:1      | Bought a scroll of noise for 11 gold pieces
   377 | D:1      | Bought a scroll of identify for 22 gold pieces
   574 | D:2      | Reached skill level 1 in Stealth
   627 | D:2      | Reached XP level 3. HP: 18/24 MP: 3/3
   901 | D:2      | Found a broken altar of Ashenzari.
   938 | D:2      | Noticed Natasha
   943 | D:2      | Killed Natasha
   944 | D:2      | Reached XP level 4. HP: 12/29 MP: 4/4
  1041 | D:2      | Noticed Jessica
  1046 | D:2      | Killed Jessica
  1316 | D:2      | Noticed Natasha
  1350 | D:2      | Killed Natasha
  1351 | D:2      | Reached XP level 5. HP: 35/35 MP: 5/5
  1451 | D:3      | Reached skill level 4 in Unarmed Combat
  1517 | D:3      | Found Itsoon's General Store.
  1525 | D:3      | Bought a scroll of teleportation for 39 gold pieces
  1668 | D:2      | Noticed Natasha
  1677 | D:2      | Killed Natasha
  2070 | D:4      | Found an ornate altar of the Wu Jian Council.
  2071 | D:4      | Found a shadowy altar of Dithmenos.
  2263 | D:4      | Noticed Eustachio
  2270 | D:4      | Killed Eustachio
  2271 | D:4      | Reached XP level 6. HP: 31/42 MP: 6/6
  2558 | D:4      | Reached XP level 7. HP: 46/46 MP: 7/7
  2766 | D:3      | Bought 2 potions of heal wounds for 130 gold pieces
  3009 | D:5      | Entered Level 5 of the Dungeon
  3125 | D:5      | Reached skill level 5 in Unarmed Combat
  3383 | D:5      | Noticed Edmund
  3898 | D:6      | Reached XP level 8. HP: 48/54 MP: 8/8
  3935 | D:6      | Noticed Menkaure
  3943 | D:6      | Killed Menkaure
  4109 | D:6      | Reached skill level 5 in Fighting
  4159 | D:6      | Reached skill level 5 in Stealth
  4159 | D:6      | Reached skill level 6 in Unarmed Combat
  5004 | D:5      | Killed Edmund
  5326 | D:7      | Reached XP level 9. HP: 53/62 MP: 9/9
  5550 | D:7      | Found a staircase to the Ecumenical Temple.
  5561 | Temple   | Found a transporter.
  5561 | Temple   | Found a transporter.
  5561 | Temple   | Found a transporter.
  5561 | Temple   | Found a transporter.
  5561 | Temple   | Entered the Ecumenical Temple
  5577 | Temple   | Became a worshipper of Gozag Ym Sagoz the Greedy
  5638 | D:7      | Found a large runed translucent door.
  5638 | D:7      | Found a large runed translucent door.
  5648 | D:7      | Reached skill level 1 in Evocations
  5691 | D:7      | Noticed HanshermHop's ghost (novice KoEn)
  6172 | D:7      | Reached skill level 7 in Unarmed Combat
  6366 | D:7      | Reached skill level 5 in Shapeshifting
  6971 | D:8      | Noticed Jeremiah
  6980 | D:8      | Killed Jeremiah
  6981 | D:8      | Reached skill level 5 in Dodging
  6982 | D:8      | Noticed a red devil
  7727 | D:8      | Noticed Gastronok
  7748 | D:8      | Noticed Amaemon
  7750 | D:8      | Killed Gastronok
  7751 | D:8      | Reached skill level 8 in Unarmed Combat
  7751 | D:8      | Reached XP level 10. HP: 60/71 MP: 10/10
  7755 | D:8      | Noticed an orange demon
  7769 | D:8      | Killed Amaemon
  7783 | D:8      | Killed an orange demon
  8155 | D:8      | Noticed Psyche
  8179 | D:8      | Killed Psyche
  8850 | D:8      | Reached skill level 9 in Unarmed Combat
  9196 | D:8      | Reached XP level 11. HP: 34/78 MP: 11/11
  9858 | D:1      | Bought a scroll of poison for 44 gold pieces
  9858 | D:1      | Bought a scroll of butterflies for 44 gold pieces
  9858 | D:1      | Bought a scroll of fog for 44 gold pieces
  9899 | D:3      | Bought a wand of flame (9) for 81 gold pieces
  9899 | D:3      | Bought a scroll of revelation for 97 gold pieces
  9947 | D:1      | Bought a scroll of amnesia for 44 gold pieces
 10161 | D:9      | Noticed Erica
 10182 | D:9      | Killed Erica
 10230 | D:9      | Noticed Grum
 10230 | D:9      | Noticed a two-headed ogre
 10231 | D:9      | Noticed a two-headed ogre
 10297 | D:9      | Noticed TheSexyCheese's ghost (journeyman OpFE)
 10297 | D:9      | Found a transporter.
 10297 | D:9      | Found a transporter.
 10314 | D:9      | Killed a two-headed ogre
 11163 | D:9      | Killed a two-headed ogre
 11164 | D:9      | Reached skill level 5 in Evocations
 11732 | D:9      | Found a staircase to the Lair.
 12760 | D:9      | Killed Grum
 12979 | D:9      | Reached skill level 10 in Unarmed Combat
 13384 | D:10     | Entered Level 10 of the Dungeon
 13639 | D:10     | Noticed a two-headed ogre
 13649 | D:10     | HP: 2/80 [two-headed ogre/+0 giant club (18)]
 13649 | D:10     | Demolished by a two-headed ogre

Illustrated notes

Levels and vault maps discovered:
D:1:      doesnt_arrival_eight_statues, layout_rooms, serial_shops,
          nicolae_shop_tiny_real_fake_doors
D:2:      layout_loops_ring, basic_altar, guppyfry_early_lair_pool,
          uniq_natasha, uniq_jessica
D:3:      layout_rooms, serial_shops, nicolae_shop_hallway_stairs, moated_statue
D:4:      layout_basic, jmf_multi_god_temple, uniq_eustachio
D:5:      layout_loops_ring, uniq_edmund
D:6:      layout_loops_ring, serial_undead, serial_undead_c, serial_undead_b,
          serial_undead_c, serial_undead_e, serial_undead_c, serial_undead_b,
          uniq_menkaure
D:7:      layout_layer_cave, temple_pool_b, ebering_ghost_disaster_area
D:8:      layout_basic, serial_corexii_hall, corexii_hall_statues_i,
          chequers_hall_statues_y, einodemon_armed_red_devil_minivault,
          uniq_psyche, uniq_amaemon, uniq_gastronok, uniq_jeremiah
D:9:      layout_basic, due_lair_maze_entry_diamond, serial_curves,
          eino_curves_02, eino_curves_04, gammafunk_ghost_hive, uniq_erica,
          uniq_grum
D:10:     layout_loops_corners, mainiacjoe_overflow_concentric_impassable
Temple:   hellmonk_temple_divided_pantheon

Skill      XL: |  1  2  3  4  5  6  7  8  9 10 11 |
---------------+----------------------------------+-----
Stealth        | 1 2 3 4 5 7 8 9 |  9.7
Fighting       | 2 3 4 5 7 8 9 |  9.6
Unarmed Combat | 4 5 6 8 9 10 | 10.1
Dodging        | 3 4 5 6 7 |  7.2
Shapeshifting  | 4 5 6 |  6.7
Evocations     | 3 4 5 |  5.5

Action                     |  1- 3 |  4- 6 |  7- 9 | 10-12 || total
---------------------------+-------+-------+-------+-------++-------
  Melee: Unarmed           |    52 |    68 |   184 |   191 ||   495
         Constrict         |    15 |    20 |    36 |    27 ||    98
         Tentacles         |    12 |    14 |    46 |    41 ||   113
         Punch             |     1 |     5 |     9 |    15 ||    30
 Invoke: Potion Petition   |       |       |       |     1 ||     1
  Evoke: Wand              |       |       |     5 |    23 ||    28
    Use: Scroll            |     1 |     2 |     1 |     2 ||     6
         Potion            |       |       |     2 |     5 ||     7
   Stab: Sleeping          |     7 |    10 |    12 |     4 ||    33
         Invisible         |       |       |       |     4 ||     4
         Distracted        |       |       |       |     1 ||     1
 Armour: Skin              |    23 |    24 |    89 |   193 ||   329
  Dodge: Dodged            |    33 |    37 |    93 |   155 ||   318

Table legend: (Time is in decaauts)
 A = Elapsed time spent in this place.
 B = Non-inter-level travel time spent in this place.
 C = Inter-level travel time spent in this place.
 D = Time resting spent in this place.
 E = Time spent auto-exploring this place.
 F = Levels seen in this place.
 G = Mean time per level.
                   A        B        C        D        E       F      G
               +--------+--------+--------+--------+--------+-----+--------+
         Total |  13622 |  12888 |    734 |   5027 |   6009 |  11 | 1238.4 |
       Dungeon |  13593 |  12859 |    734 |   5027 |   6009 |  10 | 1359.3 |
        Temple |     28 |     28 |      0 |      0 |      0 |   1 |   28.0 |
               +--------+--------+--------+--------+--------+-----+--------+

Top non-repeatable levels by time:
     D:8: 3702 daAuts
     D:9: 2082 daAuts
     D:7: 1934 daAuts
     D:5: 1313 daAuts
     D:6: 1076 daAuts
     D:2: 1033 daAuts
     D:4: 887 daAuts
     D:3: 727 daAuts
     D:1: 573 daAuts
    D:10: 262 daAuts
  Temple: 28 daAuts
